cohdb
Replays
Latest Replays
All Replays
Popular Replays
Top Player Replays
Match Explorer
How It Works
Community
CoH3 Stats
Reddit
Sign in to upload your games and track your stats! →
Sign in with Steam
Match 41258560
Unlisted
Match 41258560
Overview
Messages
Build Orders
End
Kettenkrad Recon Vehicle
Construct Infanterie Kompanie
Selects Terror Battlegroup
Selects Terror Battlegroup
Selects Machine Gun Camouflage
MG 42 Machine Gun Team
MG 42 Machine Gun Team
Grenadier Squad
Construct Panzergrenadier Kompanie
Selects Interrogate
Panzergrenadier Squad
Support Elements
Pak 40 Anti-tank Gun Team
Nebelwerfer 42 Rocket Launcher Team
Construct Panzer Kompanie
Stoßtruppen Squad
Medical Station
Selects Jericho Trumpet
Selects Propaganda Leaflet Drop
Panzer IV Medium Tank
Propaganda Leaflet Drop
Pioneer Squad
Selects V1 Rocket Strike
Pak 40 Anti-tank Gun Team
Pioneer Squad
Selects Defend the Fatherland
Grenadier Squad
Pioneer Squad
V1 Rocket Strike
Selects King Tiger Heavy Tank
King Tiger Heavy Tank
한글
SuperAnchovy
⁴²CPAKAPAKAMETAMФETAНАЛ
sergio
ManFrau
Mattfield27
0
0
Comments
sign in to comment!
No comments posted yet!